[ AOE2 MATCH · #506741987 ]
UnrankedJapanese vs Mongols
Player's team · LOSS
Rival team · WIN
[ REPLAY ANALYSIS · EXTRACTED FROM THE RECORDED GAME ]
Feudal
12:17
Castle
17:11
Imperial
—
| APM avg | 62.7 |
| APM peak | 117 |
| eAPM avg | 26.2 |
| Villagers / military | 48 / 30 |
Focus
⚔️ 52.2% · 🌾 47.8%
Archer ×21 · Militia ×4 · Mangonel ×4 · Monk ×1
Feudal
11:15
Castle
15:17
Imperial
—
| APM avg | 36.7 |
| APM peak | 64 |
| eAPM avg | 15.0 |
| Villagers / military | 35 / 25 |
Focus
⚔️ 29.0% · 🌾 71.0%
Steppe Lancer ×17 · Mangonel ×8
Match map
Initial resources + every placement click. Lines = walls · curves = elevation contours. ◆ gold · ⬟ stone · ● berries · ✦ relic · ◌ wall gap
Your base· ✓ Closed at 17:11 · 36t walls · 1 gate(s)
MongolMania's base· Open — unwalled flank
Smoothed initial terrain · ◌ = detected wall gap · hover for details
Inputs per minute
— LE | Andreu - - MongolMania
Build order — LE | Andreu
146 actions detected in the replay
| 0:00 | Queue | Villager (Male) |
| 0:01 | Queue | Villager (Male) |
| 0:02 | Build | House |
| 0:05 | Build | House |
| 0:08 | Queue | Villager (Male) |
| 0:09 | Queue | Villager (Male) |
| 1:37 | Queue | Villager (Male) |
| 2:05 | Queue | Villager (Male) |
| 2:06 | Queue | Villager (Male) |
| 2:06 | Queue | Villager (Male) |
| 2:36 | Build | Lumber Camp |
| 3:13 | Queue | Villager (Male) |
| 3:23 | Queue | Villager (Male) |
| 3:33 | Queue | Villager (Male) |
| 3:34 | Queue | Villager (Male) |
| 3:49 | Queue | Villager (Male) |
| 4:58 | Build | House |
| 5:03 | Research | Loom |
| 5:04 | Queue | Villager (Male) |
| 5:33 | Build | Barracks |
| 5:48 | Queue | Villager (Male) |
| 5:53 | Build | House |
| 6:13 | Queue | Villager (Male) |
| 6:26 | Queue | Militia |
| 6:26 | Queue | Militia |
| 6:26 | Queue | Militia |
| 6:36 | Queue | Villager (Male) |
| 6:48 | Build | House |
| 6:51 | Queue | Militia |
| 6:55 | Queue | Villager (Male) |
| 7:03 | Queue | Villager (Male) |
| 7:24 | Queue | Villager (Male) |
| 8:04 | Queue | Villager (Male) |
| 8:12 | Build | Mining Camp |
| 9:21 | Queue | Villager (Male) |
| 10:01 | Build | Outpost |
| 10:07 | Research | Feudal Age |
| 10:32 | Build | House |
| 10:33 | Build | Palisade Wall |
| 10:34 | Build | Palisade Wall |
| 10:36 | Build | Palisade Wall |
| 10:40 | Queue | Villager (Male) |
| 10:45 | Build | Mill |
| 10:54 | Build | Palisade Wall |
| 10:59 | Build | Palisade Wall |
| 11:07 | Build | Farm |
| 11:08 | Build | Farm |
| 11:11 | Build | Farm |
| 11:13 | Build | House |
| 11:22 | Build | House |
| 11:25 | Build | House |
| 11:26 | Build | Palisade Wall |
| 11:29 | Queue | Villager (Male) |
| 11:54 | Build | Farm |
| 12:17 | Age | Feudal Age |
| 12:20 | Build | Market |
| 12:24 | Queue | Villager (Male) |
| 13:26 | Build | Blacksmith |
| 13:41 | Queue | Villager (Male) |
| 13:55 | Queue | Villager (Male) |
| 14:14 | Build | House |
| 14:20 | Research | Castle Age |
| 14:21 | Research | Castle Age |
| 14:34 | Build | Palisade Wall |
| 14:46 | Build | Palisade Gate |
| 14:47 | Build | House |
| 15:08 | Build | Archery Range |
| 15:11 | Queue | Villager (Male) |
| 15:20 | Research | Double-Bit Axe |
| 15:21 | Research | Double-Bit Axe |
| 15:45 | Build | Archery Range |
| 16:00 | Queue | Villager (Male) |
| 16:16 | Queue | Archer |
| 16:34 | Research | Fletching |
| 16:46 | Research | Gold Mining |
| 16:46 | Research | Gold Mining |
| 16:49 | Queue | Archer |
| 16:52 | Queue | Archer |
| 16:52 | Queue | Archer |
| 17:05 | Queue | Archer |
| 17:11 | Age | Castle Age |
| 17:18 | Build | Farm |
| 17:20 | Build | Farm |
| 17:24 | Research | Horse Collar |
| 17:25 | Research | Horse Collar |
| 17:39 | Queue | Villager (Male) |
| 17:39 | Queue | Villager (Male) |
| 17:42 | Queue | Archer |
| 17:43 | Queue | Archer |
| 17:43 | Queue | Archer |
| 17:51 | Build | House |
| 17:57 | Queue | Archer |
| 17:57 | Queue | Archer |
| 17:57 | Queue | Archer |
| 18:09 | Build | Farm |
| 18:11 | Queue | Villager (Male) |
| 18:33 | Queue | Villager (Male) |
| 18:44 | Queue | Villager (Male) |
| 19:06 | Research | Crossbowman (upgrade) |
| 19:23 | Build | Monastery |
| 19:31 | Queue | Villager (Male) |
| 19:33 | Queue | Archer |
| 19:33 | Queue | Archer |
| 20:00 | Build | Siege Workshop |
| 20:10 | Queue | Monk |
| 20:17 | Queue | Villager (Male) |
| 20:18 | Queue | Villager (Male) |
| 20:25 | Build | House |
| 20:33 | Queue | Villager (Male) |
| 20:38 | Build | Farm |
| 20:41 | Queue | Villager (Male) |
| 20:50 | Queue | Villager (Male) |
| 21:47 | Queue | Mangonel |
| 22:03 | Queue | Villager (Male) |
| 22:10 | Build | House |
| 22:19 | Research | Bodkin Arrow |
| 22:20 | Research | Bodkin Arrow |
| 22:32 | Build | House |
| 23:11 | Queue | Mangonel |
| 23:12 | Queue | Archer |
| 23:12 | Queue | Archer |
| 23:13 | Queue | Villager (Male) |
| 23:14 | Queue | Villager (Male) |
| 23:23 | Queue | Villager (Male) |
| 23:47 | Queue | Villager (Male) |
| 23:54 | Queue | Archer |
| 23:54 | Queue | Archer |
| 24:03 | Build | Farm |
| 24:08 | Queue | Archer |
| 24:08 | Queue | Archer |
| 24:08 | Queue | Villager (Male) |
| 24:31 | Queue | Archer |
| 25:01 | Queue | Archer |
| 25:10 | Build | Farm |
| 25:11 | Build | Farm |
| 25:18 | Queue | Villager (Male) |
| 25:22 | Build | Mining Camp |
| 25:33 | Queue | Villager (Male) |
| 25:33 | Queue | Mangonel |
| 25:34 | Queue | Mangonel |
| 25:49 | Build | Farm |
| 25:51 | Build | Farm |
| 26:03 | Build | Farm |
| 26:12 | Build | Mill |
| 26:18 | Build | House |
| 26:19 | Build | House |
Build order — MongolMania
107 actions detected in the replay
| 0:02 | Queue | Villager (Male) ×4 |
| 0:03 | Build | House |
| 0:05 | Build | House |
| 1:28 | Queue | Villager (Male) |
| 1:52 | Build | Lumber Camp |
| 2:02 | Queue | Villager (Male) |
| 2:27 | Queue | Villager (Male) |
| 2:49 | Queue | Villager (Male) |
| 3:04 | Queue | Villager (Male) |
| 3:07 | Build | House |
| 3:50 | Queue | Villager (Male) |
| 3:50 | Queue | Villager (Male) |
| 3:51 | Queue | Villager (Male) |
| 4:33 | Queue | Villager (Male) |
| 5:02 | Queue | Villager (Male) |
| 5:03 | Queue | Villager (Male) |
| 5:25 | Queue | Villager (Male) |
| 5:25 | Queue | Villager (Male) |
| 5:33 | Build | House |
| 5:56 | Queue | Villager (Male) |
| 6:01 | Build | Mill |
| 6:49 | Queue | Villager (Male) |
| 7:12 | Queue | Villager (Male) |
| 7:25 | Research | Loom |
| 7:47 | Queue | Villager (Male) |
| 7:47 | Queue | Villager (Male) |
| 7:47 | Queue | Villager (Male) |
| 8:12 | Build | Barracks |
| 8:14 | Build | House |
| 8:17 | Build | Palisade Wall |
| 8:26 | Research | Feudal Age |
| 10:35 | Queue | Villager (Male) |
| 10:35 | Queue | Villager (Male) |
| 10:35 | Queue | Villager (Male) |
| 11:15 | Age | Feudal Age |
| 11:20 | Build | Market |
| 11:47 | Build | Stable |
| 12:13 | Build | Blacksmith |
| 12:22 | Build | House |
| 12:27 | Build | Palisade Wall |
| 12:32 | Build | Palisade Wall |
| 12:37 | Research | Castle Age |
| 12:38 | Research | Castle Age |
| 12:54 | Build | Palisade Wall |
| 13:28 | Build | Stable |
| 13:38 | Research | Double-Bit Axe |
| 13:38 | Research | Double-Bit Axe |
| 13:48 | Build | House |
| 13:56 | Research | Scale Barding Armor |
| 14:00 | Build | Farm |
| 14:04 | Build | Farm |
| 14:20 | Build | House |
| 14:24 | Build | Mining Camp |
| 14:29 | Build | Farm |
| 14:38 | Build | Farm |
| 14:55 | Build | Farm |
| 15:04 | Build | Farm |
| 15:17 | Age | Castle Age |
| 15:23 | Build | Farm |
| 15:31 | Build | Farm |
| 15:33 | Queue | Steppe Lancer |
| 15:55 | Build | Farm |
| 16:07 | Queue | Steppe Lancer |
| 16:08 | Queue | Steppe Lancer |
| 16:19 | Build | Farm |
| 16:28 | Build | Farm |
| 16:31 | Queue | Steppe Lancer |
| 16:49 | Build | Farm |
| 16:51 | Queue | Steppe Lancer |
| 17:19 | Queue | Steppe Lancer |
| 17:20 | Queue | Steppe Lancer |
| 17:33 | Queue | Steppe Lancer |
| 17:33 | Queue | Steppe Lancer |
| 18:18 | Research | Bloodlines |
| 18:35 | Queue | Steppe Lancer |
| 18:35 | Queue | Steppe Lancer |
| 18:47 | Build | Lumber Camp |
| 18:55 | Queue | Villager (Male) |
| 18:56 | Queue | Villager (Male) |
| 19:12 | Build | Siege Workshop |
| 19:26 | Queue | Villager (Male) |
| 19:26 | Queue | Villager (Male) |
| 20:02 | Queue | Villager (Male) |
| 20:03 | Queue | Villager (Male) |
| 20:06 | Queue | Mangonel |
| 20:15 | Build | House |
| 20:16 | Build | House |
| 20:45 | Queue | Mangonel |
| 21:54 | Queue | Mangonel |
| 22:11 | Build | House |
| 22:23 | Queue | Mangonel |
| 22:26 | Research | Bow Saw |
| 22:28 | Queue | Villager (Male) |
| 22:28 | Queue | Villager (Male) |
| 22:28 | Queue | Villager (Male) |
| 23:20 | Queue | Mangonel |
| 23:39 | Build | House |
| 23:43 | Research | Gold Mining |
| 24:46 | Queue | Mangonel |
| 24:48 | Queue | Steppe Lancer |
| 24:49 | Queue | Steppe Lancer |
| 25:07 | Queue | Steppe Lancer |
| 25:08 | Queue | Steppe Lancer |
| 25:08 | Queue | Steppe Lancer |
| 25:09 | Queue | Steppe Lancer |
| 25:32 | Queue | Mangonel |
| 26:06 | Queue | Mangonel |
Match timeline
| 5:33 | LE | Andreu · first_building Barracks |
| 8:12 | MongolMania · first_building Barracks |
| 8:17 | MongolMania · wall_segment Palisade Wall x4 |
| 10:33 | LE | Andreu · wall_segment Palisade Wall x1 |
| 10:34 | LE | Andreu · wall_segment Palisade Wall x1 |
| 10:36 | LE | Andreu · wall_segment Palisade Wall x5 |
| 10:54 | LE | Andreu · wall_segment Palisade Wall x16 |
| 10:59 | LE | Andreu · wall_segment Palisade Wall x11 |
| 11:15 | MongolMania · age_up feudal |
| 11:26 | LE | Andreu · wall_segment Palisade Wall x1 |
| 11:47 | MongolMania · first_building Stable |
| 12:17 | LE | Andreu · age_up feudal |
| 12:27 | MongolMania · wall_segment Palisade Wall x6 |
| 12:32 | MongolMania · wall_segment Palisade Wall x3 |
| 12:36 | MongolMania · first_market_sell 100 stone |
| 12:54 | MongolMania · wall_segment Palisade Wall x4 |
| 13:43 | LE | Andreu · first_market_sell 100 wood |
| 13:46 | LE | Andreu · first_market_buy 100 food |
| 14:34 | LE | Andreu · wall_segment Palisade Wall x1 |
| 15:08 | LE | Andreu · first_building Archery Range |
| 15:17 | MongolMania · age_up castle |
| 17:11 | LE | Andreu · age_up castle |
| 19:12 | MongolMania · first_building Siege Workshop |
| 19:23 | LE | Andreu · first_building Monastery |
| 20:00 | LE | Andreu · first_building Siege Workshop |
| 26:43 | LE | Andreu · resign |
[ AI ANALYSIS · 1 CREDIT ]
What really happened in this match?
Wolo.gg analyzes every decision: build order, eco, micro, common mistakes by bracket. Personalized analysis on WhatsApp or Discord in 30 seconds.
Civ guide
Japanese
Perfil
Jugador #3097073